AoeStats
← dice

Arena

509045980Analyzed
3v3 RM · 6d ago on Sep 25, 2026· 43m 30s· 6 players
Game mode
Random Map
Map size
Normal (6 player)
Population
200
Speed
Normal
Resources
Standard
Victory
Conquest
Starting age
Dark Age
Ending age
Imperial Age
RankedLock teamsTeams togetherTeam positionsShared explorationLock speedFull tech treeHidden civsTurbo modeCheats
Victory
Defeat
🇹🇼 Italians · Taiwan
1115
+14
🇹🇼 Persians · Taiwan
1085
+15
🇹🇼 Portuguese · Taiwan
1078
+15
🇨🇳 Chinese · China
1082
-15
🇦🇺 Bohemians · Australia
1075
-16
🇺🇸 Danes · United States
1029
-13
shabolobodingdong
9:12 Loom
11:45 Feudal Age
16:22 Castle Age
16:57 Double-Bit Axe
17:45 Scale Mail Armor
17:48 Squires
17:33 Gambesons
17:34 Arson
18:15 Bow Saw
18:54 Stone Mining
18:59 Gold Mining
18:59 Horse Collar
20:55 Chain Mail Armor
22:42 Bow Saw
30:04 Imperial Age
28:38 Wheelbarrow
27:49 Town Watch
28:25 Forging
28:28 Heavy Plow
30:00 Iron Casting
31:01 Gold Shaft Mining
31:05 Stone Shaft Mining
30:47 Bow Saw
31:10 Conscription
31:43 Hamask
33:20 Elite Jomsviking
34:35 Plate Mail Armor
35:53 Blast Furnace
35:55 Stone Shaft Mining
38:44 Heavy Scorpion
39:40 Northmen's Fury
39:44 Onager
x_Zinger_Box_x
9:52 Feudal Age
10:40 Double-Bit Axe
15:22 Castle Age
14:55 Horse Collar
16:36 Bow Saw
25:27 Fletching
31:11 Imperial Age
29:22 Wheelbarrow
28:35 Town Watch
28:39 Loom
29:24 Bodkin Arrow
29:40 Forging
29:36 Scale Barding Armor
30:22 Hand Cart
30:10 Pikeman
31:15 Halberdier
36:24 Chemistry
35:59 Masonry
36:03 Fortified Wall
35:40 Arrowslits
38:11 Cavalier
38:52 Husbandry
爱喝酸奶
0:27 Loom
10:47 Feudal Age
11:15 Double-Bit Axe
11:13 Horse Collar
17:46 Castle Age
16:02 Gold Mining
18:03 Stone Mining
19:30 Wheelbarrow
19:07 Bow Saw
20:49 Heavy Plow
22:24 Hand Cart
25:27 Gold Shaft Mining
26:18 Stone Shaft Mining
27:05 Fletching
28:27 Bodkin Arrow
29:04 Town Watch
29:54 Thumb Ring
34:16 Imperial Age
31:47 Arson
32:03 Squires
31:23 Pikeman
32:41 Great Wall
33:51 Padded Archer Armor
34:02 Forging
33:59 Scale Barding Armor
33:35 Light Cavalry
34:16 Husbandry
34:27 Bloodlines
35:02 Leather Archer Armor
35:03 Forging
34:58 Scale Barding Armor
35:38 Conscription
37:21 Ballistics
36:56 Murder Holes
38:02 Chemistry
36:25 Halberdier
37:36 Elite Chu Ko Nu
38:22 Bracer
39:46 Masonry
39:49 Fortified Wall
40:32 Ring Archer Armor
40:39 Iron Casting
40:26 Chain Barding Armor
40:06 Scale Mail Armor
sakuranekohon
10:55 Feudal Age
12:31 Loom
15:11 Castle Age
13:07 Double-Bit Axe
13:25 Horse Collar
24:46 Wheelbarrow
29:33 Imperial Age
27:26 Bow Saw
27:44 Heavy Plow
28:18 Town Watch
29:56 Fletching
31:15 Chemistry
32:26 Forging
32:17 Scale Mail Armor
33:31 Bodkin Arrow
33:36 Padded Archer Armor
33:30 Elite Genoese Crossbowman
34:20 Thumb Ring
34:59 Leather Archer Armor
34:43 Gold Mining
34:47 Stone Mining
36:03 Crop Rotation
35:15 Pikeman
35:58 Crossbowman
38:42 Conscription
40:21 Hand Cart
41:12 Ring Archer Armor
43:06 Pirotechnia
43:15 Town Patrol
dice
10:41 Feudal Age
11:33 Double-Bit Axe
11:29 Horse Collar
15:48 Castle Age
17:13 Forging
17:28 Bow Saw
25:01 Wheelbarrow
24:22 Town Watch
24:23 Loom
24:50 Heavy Plow
26:37 Hand Cart
27:25 Gold Mining
27:30 Stone Mining
28:45 Gold Shaft Mining
29:14 Bloodlines
29:04 Husbandry
29:46 Scale Barding Armor
30:17 Iron Casting
31:02 Chain Barding Armor
34:55 Imperial Age
33:28 Town Patrol
34:59 Cavalier
37:28 Two-Man Saw
36:59 Crop Rotation
36:31 Savar
38:39 Stone Shaft Mining
41:25 Plate Barding Armor
bm489
11:27 Feudal Age
15:00 Castle Age
13:00 Double-Bit Axe
13:38 Horse Collar
21:12 Heavy Plow
25:17 Loom
29:34 Imperial Age
27:42 Wheelbarrow
27:20 Gold Mining
28:27 Hand Cart
28:58 Stone Mining
30:16 Fortified Wall
30:37 Conscription
32:54 Chemistry
32:02 Siege Engineers
35:15 Bombard Tower
36:49 Elite Organ Gun
Connection lost

Rejoining the realm…

Still unreachable

The connection could not be restored.

Session expired

The server has moved on; the page needs a fresh start.